Map: 2000 Atmospheres LE

Players

Deletemaster

  • Race: Zerg Zerg
  • League: Gold

Tunkon - Winner!

  • Race: Zerg Zerg
  • League: Platinum

VOD

Have the link to the VOD?

Description

Time

  • Played on: May 15, 2021, 8 p.m.
  • Length: 8:47
Show
View Real Time Build Order
Export as new Build Order

Deletemaster Zerg 

Build Orders: Hatch First 

Get SALT Encoding   

  12  0:00  Drone  
  13  0:08  Drone  
  14  0:16  Overlord  
  14  0:35  Drone x3  
  17  0:54  Hatchery  
  16  0:57  Drone  
  16  1:00  Drone  
  18  1:11  Extractor  
  18  1:14  Spawning Pool  
  18  1:16  Drone  
  17  1:20  Drone  
  18  1:29  Drone  
  19  1:40  Overlord  
  19  1:52  Drone  
  20  2:07  Queen x2  
  25  2:08  Zergling x4  
  25  2:13  Metabolic Boost  
  25  2:15  Drone  
  28  2:22  Drone  
  28  2:29  Drone x2  
  30  2:35  Drone  
  31  2:44  Drone x2  
  31  2:48  Queen  
  35  2:51  Overlord  
  35  2:57  Drone  
  36  3:00  Overlord  
  36  3:18  Overlord x2  
  36  3:19  Drone  
  37  3:22  Drone x2  
  37  3:23  Drone  
  40  3:27  Drone x2, Hatchery  
  40  3:31  Drone x2  
  40  3:33  Drone  
  44  3:41  Drone  
  45  3:43  Zergling x2  
  45  3:48  Extractor  
  45  3:49  Drone  
  45  3:50  Extractor  
  45  3:53  Drone  
  46  3:58  Drone x6  
  46  3:59  Extractor  
  51  4:09  Drone x2  
  53  4:16  Drone  
  52  4:36  Roach Warren  
  52  4:38  Evolution Chamber  
  50  4:42  Evolution Chamber  
  50  4:44  Overlord x3  
  49  4:50  Drone x7  
  53  5:15  Zerg Missile Weapons Level 1  
  53  5:21  Lair  
  53  5:22  Roach  
  53  5:23  Roach x14  
  83  5:40  Roach  
  83  5:41  Roach x2  
  89  5:50  Drone  
  90  6:01  Overlord x2  
  90  6:02  Overlord x5  
  90  6:07  Zerg Ground Armor Level 1  
  90  6:21  Drone x4  
  90  6:22  Drone x9  
  103  6:26  Infestation Pit  
  103  6:30  Hydralisk Den  
  101  6:39  Roach  
  111  6:40  Roach x4  
  111  6:42  Glial Reconstitution  
  111  6:54  Overlord x2  
  111  7:01  Grooved Spines  
  111  7:04  Hatchery  
  111  7:06  Drone x6  
  111  7:08  Drone  
  117  7:09  Drone  
  117  7:10  Drone  
  119  7:20  Hydralisk x2  
  119  7:21  Hydralisk  
  125  7:24  Hydralisk  
  125  7:27  Hydralisk  
  125  7:28  Hydralisk  
  106  7:55  Roach  
  106  7:56  Roach x16  
Show
View Real Time Build Order
Export as new Build Order

Tunkon Zerg - Winner!

Build Orders: Hatch First 

Get SALT Encoding   

  12  0:00  Drone  
  13  0:13  Overlord  
  13  0:17  Drone  
  14  0:31  Drone x2  
  14  0:35  Drone  
  17  0:52  Hatchery  
  17  0:56  Drone  
  17  0:58  Extractor  
  16  1:12  Spawning Pool  
  16  1:15  Drone  
  16  1:19  Drone  
  16  1:23  Drone  
  18  1:29  Drone  
  20  1:40  Drone  
  20  1:50  Overlord  
  20  1:59  Queen  
  22  2:04  Queen  
  22  2:08  Metabolic Boost  
  24  2:09  Drone  
  24  2:12  Zergling x2  
  26  2:17  Zergling x2  
  26  2:22  Overlord  
  27  2:25  Drone  
  28  2:35  Drone x2  
  30  2:43  Drone  
  31  2:52  Drone x2  
  33  2:59  Drone x2  
  35  3:07  Drone  
  36  3:13  Roach Warren  
  36  3:14  Hatchery  
  36  3:16  Drone x2  
  36  3:20  Drone x2  
  36  3:22  Drone  
  36  3:26  Overlord  
  39  3:29  Drone  
  39  3:33  Drone  
  39  3:34  Drone  
  42  3:43  Overlord x2  
  42  3:47  Drone x4  
  46  3:51  Extractor  
  46  3:55  Extractor  
  44  3:56  Roach x2  
  44  3:57  Roach  
  50  4:08  Lair  
  50  4:09  Zergling x2  
  52  4:10  Zergling x4  
  52  4:13  Drone  
  54  4:25  Roach x2  
  58  4:31  Drone  
  58  4:34  Drone x7  
  58  4:35  Queen  
  68  4:48  Evolution Chamber x2  
  68  4:49  Drone, Queen  
  68  4:50  Drone  
  68  4:52  Overlord x2  
  70  4:58  Roach x2  
  74  5:05  Overlord x2  
  74  5:12  Roach x3  
  80  5:14  Zerg Missile Weapons Level 1  
  80  5:18  Zerg Ground Armor Level 1  
  80  5:20  Glial Reconstitution  
  80  5:37  Roach x2, Overlord  
  80  5:38  Overlord x3  
  80  5:39  Drone x3  
  87  5:45  Roach x3  
  93  5:51  Overlord  
  93  5:52  Overlord  
  93  5:53  Roach  
  93  5:56  Drone x3  
  98  6:15  Roach  
  98  6:16  Roach x9  
  118  6:28  Roach x4  
  126  6:38  Drone  
  126  6:39  Drone  
  128  6:43  Drone x5, Extractor  
  128  6:44  Drone x3  
  128  6:45  Extractor  
  134  6:52  Hydralisk Den  
  134  6:53  Overlord x3  
  133  6:55  Overseer x2  
  133  7:13  Roach  
  133  7:14  Roach x6  
  147  7:22  Roach  
  155  7:23  Roach x3  
  152  7:33  Roach  
  152  7:34  Roach x5  
  154  7:50  Hatchery  
  149  7:52  Roach x7  
  151  8:02  Roach x7  
  151  8:03  Roach  
  161  8:15  Overlord x3  
  161  8:16  Overlord  
Tags
 
Add a new tag
Caveats
  • Supply blocks, unpowered buildings, or Contaminate may cause inaccurate times.
  • Supply counts are checked every 10 seconds.